[Event "WYCC 2018 O14"]
[Site "Halkidiki"]
[Date "2018.10.23"]
[Round "5"]
[White "Manucharyan, Gagik"]
[Black "Karadzhov, Ivan"]
[Result "1-0"]
[ECO "D94"]
[WhiteElo "1827"]
[BlackElo "2040"]
[Annotator "NA"]
[PlyCount "111"]
[EventDate "2018.10.20"]
[EventType "swiss"]
[EventCountry "GRE"]
[SourceTitle "playchess.com"]
[Source "ChessBase"]
[SourceQuality "1"]
[TimeControl "40/5400+30:1800+30"]

1. d4 d5 2. c4 c6 3. Nf3 Nf6 4. e3 g6 5. Nc3 Bg7 6. Bd3 O-O 7. O-O Bg4 8. h3 Bxf3 9. Qxf3 dxc4 10. Bxc4 Nbd7 11. Rd1 $14 {[%emt 0:02:08] LiveBook: 357 Games} e5 12. d5 cxd5 13. Bxd5 Qe7 14. Bxb7 Rab8 15. Bd5 Nc5 16. e4 Nxd5 17. Nxd5 Qh4 18. Be3 Ne6 19. b3 Nd4 20. Qg4 Qxg4 21. hxg4 Rb7 22. Kf1 f5 23. gxf5 gxf5 24. exf5 Rxf5 25. Rac1 h5 26. Nc3 Rf8 27. Ne4 Rb6 28. Rc7 Ra6 29. a4 Rf7 30. Rc8+ Rf8 31. Rxf8+ Kxf8 32. Nc5 Rd6 33. b4 Kf7 34. b5 Nf5 35. Rxd6 Nxd6 36. Na6 Nc8 37. Nb4 Ke6 38. Bxa7 Bf8 39. Nc6 Kd6 40. Be3 e4 41. a5 Kc7 42. a6 Bd6 43. a7 Kb7 44. Nd8+ Ka8 45. b6 Nxb6 46. Bxb6 Be5 47. Ne6 Bd6 48. Nc7+ Bxc7 49. Bxc7 Kxa7 50. Ke2 Kb7 51. Be5 Kc6 52. Ke3 Kd5 53. Bd4 h4 54. Bf6 Ke6 55. Bxh4 Kf5 56. Bg3 1-0

[Event "WYCC 2018 O14"]
[Site "Halkidiki"]
[Date "2018.10.23"]
[Round "5"]
[White "Vujovic, Savo"]
[Black "Kasioumis, Vasilios"]
[Result "1-0"]
[ECO "B48"]
[WhiteElo "1781"]
[BlackElo "2038"]
[Annotator "NA"]
[PlyCount "81"]
[EventDate "2018.10.20"]
[EventType "swiss"]
[EventCountry "GRE"]
[SourceTitle "playchess.com"]
[Source "ChessBase"]
[SourceQuality "1"]
[TimeControl "40/5400+30:1800+30"]

1. e4 c5 2. Nf3 e6 3. d4 cxd4 4. Nxd4 Nc6 5. Nc3 Qc7 6. Be3 a6 7. Qf3 Nf6 8. O-O-O d6 9. Qg3 Nxd4 10. Bxd4 e5 11. Be3 b5 12. f4 b4 13. Nd5 Nxd5 14. exd5 Bf5 15. Bd3 e4 16. Be2 Rc8 17. Rd2 Qa5 18. Kb1 h5 19. Qf2 Be7 20. Bb6 Qa4 21. b3 Qa3 22. Bd4 Rc3 23. Bc4 e3 24. Bxe3 Rxc4 25. bxc4 b3 26. Bd4 bxc2+ 27. Rxc2 O-O 28. Ka1 Bxc2 29. Qxc2 Rc8 30. Rc1 f6 31. Bb2 Qe3 32. Qf5 Rc7 33. Qxh5 Qxf4 34. Qe8+ Bf8 35. Qe6+ Kh8 36. Rc3 g5 37. Rh3+ Kg7 38. Rf3 Re7 39. Bxf6+ Kh7 40. Rxf4 Rxe6 41. dxe6 1-0

[Event "WYCC 2018 O14"]
[Site "Halkidiki"]
[Date "2018.10.23"]
[Round "5"]
[White "Dabarera, G W D M"]
[Black "Patrelakis, Evaggelos"]
[Result "1/2-1/2"]
[ECO "B22"]
[WhiteElo "1768"]
[BlackElo "2146"]
[Annotator "NA"]
[PlyCount "110"]
[EventDate "2018.10.20"]
[EventType "swiss"]
[EventCountry "GRE"]
[SourceTitle "playchess.com"]
[Source "ChessBase"]
[SourceQuality "1"]
[TimeControl "40/5400+30:1800+30"]

1. e4 c5 2. c3 d5 3. exd5 Qxd5 4. d4 Nf6 5. Nf3 e6 6. Na3 Be7 7. Nc2 O-O 8. Bd3 Rd8 9. O-O Nc6 10. Qe2 cxd4 11. cxd4 a6 12. Rd1 Qh5 13. Ne5 Qxe2 14. Bxe2 Bd7 15. Bf3 Rac8 16. Ne3 Be8 17. Nxc6 Bxc6 18. Bxc6 Rxc6 19. b3 Nd5 20. Nxd5 Rxd5 21. Be3 Ba3 22. Rd2 h6 23. Rad1 Rc7 24. g3 Bb4 25. Rd3 Rcd7 26. f4 f6 27. Kf2 Kf7 28. Ke2 Rh5 29. h4 Ra5 30. a4 Rad5 31. g4 h5 32. g5 Rc7 33. Rc1 Rxc1 34. Bxc1 Kg6 35. Re3 Kf5 36. Kd3 Rd6 37. Re4 Rc6 38. Bb2 a5 39. Re2 Kxf4 40. gxf6 gxf6 41. Rf2+ Kg3 42. Rxf6 Kxh4 43. Rf7 b6 44. Rg7 Kh3 45. Rg1 h4 46. Rg6 Rd6 47. Ke4 Be1 48. Bc1 Bg3 49. Be3 Kh2 50. Kf3 Kh1 51. Rh6 Kh2 52. Bf4 Bxf4 53. Rxh4+ Kg1 54. Rxf4 Rc6 55. Ke4 Kg2 1/2-1/2

[Event "WYCC 2018 O14"]
[Site "Halkidiki"]
[Date "2018.10.24"]
[Round "6"]
[White "Murzin, Volodar"]
[Black "Egorov, Mikhail"]
[Result "1-0"]
[ECO "C50"]
[WhiteElo "2340"]
[BlackElo "2006"]
[Annotator "NA"]
[PlyCount "89"]
[EventDate "2018.10.20"]
[EventType "swiss"]
[EventCountry "GRE"]
[SourceTitle "playchess.com"]
[Source "ChessBase"]
[SourceQuality "1"]
[TimeControl "40/5400+30:1800+30"]

1. e4 e5 2. Nf3 Nc6 3. Bc4 Bc5 4. d3 d6 5. c3 Nf6 6. a4 a5 {[%emt 0:01:42] LiveBook: 38 Partien} 7. O-O O-O 8. Nbd2 {[%emt 0:00:39] C54: Giuoco Piano: 4 c3 Nf6, main lines with 5 d4 and 5 d3} (8. Bg5 Qe7 9. Nbd2 Be6 10. Qb3 Rab8 11. Rad1 h6 12. Bh4 Ba7 13. Bxe6 Qxe6 14. Bxf6 Qxb3 15. Nxb3 gxf6 {1-0 (45) Adams,M (2706)-McShane,L (2669) Hull 2018}) 8... Be6 9. Re1 Qe7 10. Bxe6 fxe6 $146 ({Predecessor:} 10... Qxe6 11. Nf1 Ng4 12. d4 exd4 13. cxd4 Bb4 14. d5 Qg6 15. dxc6 Bxe1 16. Qxe1 bxc6 {1-0 (39) Rahulan,T (1760)-Gardiner,N (1255) Montevideo 2017}) 11. Nf1 Nh5 12. Be3 Bxe3 13. Rxe3 Nf4 14. g3 Nh3+ 15. Kg2 Ng5 16. Nxg5 Qxg5 17. h4 Qf6 18. Qe2 Rf7 19. Nh2 Raf8 20. Rf3 Qg6 21. Rxf7 Rxf7 22. Rh1 h5 23. Nf3 Rf8 24. Ng5 Nd8 $16 25. Rc1 Nf7 26. Nh3 Qh6 27. Rb1 Kh7 28. Rh1 Qf6 29. Qxh5+ Kg8 30. Qe2 b6 31. Rf1 Qh6 32. Rd1 Qf6 33. Rf1 Qh6 34. Qd1 g6 35. Qg4 Nd8 36. Ng5 Rf6 37. Rd1 Qh5 38. Qxh5 gxh5 39. Rf1 Nf7 40. f4 Nxg5 41. fxg5 Rxf1 42. Kxf1 Kg7 43. Kg2 c5 44. c4 Kg6 45. Kf3 1-0

[Event "WYCC 2018 O14"]
[Site "Halkidiki"]
[Date "2018.10.24"]
[Round "6"]
[White "Tanriverdi, Enes"]
[Black "Antonica, Dragos-Andrei"]
[Result "1/2-1/2"]
[ECO "E15"]
[WhiteElo "2317"]
[BlackElo "2061"]
[Annotator "NA"]
[PlyCount "54"]
[EventDate "2018.10.20"]
[EventType "swiss"]
[EventCountry "GRE"]
[SourceTitle "playchess.com"]
[Source "ChessBase"]
[SourceQuality "1"]
[TimeControl "40/5400+30:1800+30"]

1. d4 Nf6 2. c4 e6 3. Nf3 b6 4. g3 Ba6 5. b3 d5 6. Bg2 dxc4 7. Ne5 Bb4+ 8. Kf1 Bd6 9. Nxc4 ({Reject} 9. Bxa8 Bxe5 10. e3 c5 $14) 9... Nd5 {[%emt 0:02:26] LiveBook: 60 Games} 10. e4 Ne7 {[%emt 0:00:14] E15: Queen's Indian: 4 g3 sidelines, 4 g3 Ba6 and 4 g3 Bb7 early deviations} 11. Kg1 Bxc4 12. bxc4 Nbc6 13. Nc3 e5 14. d5 Na5 $146 ({Predecessor:} 14... Nd4 15. f4 c5 16. Be3 f5 17. Qd3 O-O {0-1 (42) Vasilev,M (2487)-Kopasov,A (2190) Albena 2009}) 15. h4 O-O 16. Qd3 f5 17. exf5 Nxf5 18. Ne4 Nb7 $16 19. Bh3 Qd7 20. Be3 h6 21. Kg2 Qf7 22. Rhf1 Nxh4+ 23. Kh2 Nf3+ 24. Kg2 Nh4+ 25. Kh2 Nf3+ 26. Kh1 Qh5 27. Kg2 Nh4+ 1/2-1/2

[Event "WYCC 2018 O14"]
[Site "Halkidiki"]
[Date "2018.10.24"]
[Round "6"]
[White "Nogerbek, Kazybek"]
[Black "Pogosyan, Stefan"]
[Result "1/2-1/2"]
[ECO "C88"]
[WhiteElo "2316"]
[BlackElo "2373"]
[Annotator "NA"]
[PlyCount "56"]
[EventDate "2018.10.20"]
[EventType "swiss"]
[EventCountry "GRE"]
[SourceTitle "playchess.com"]
[Source "ChessBase"]
[SourceQuality "1"]
[TimeControl "40/5400+30:1800+30"]

1. e4 e5 2. Nf3 Nc6 3. Bb5 a6 4. Ba4 Nf6 5. O-O Be7 6. Re1 b5 7. Bb3 O-O 8. h3 Bb7 9. d3 d6 10. c3 Na5 {[%emt 0:00:14] LiveBook: 179 Games C92: Closed Ruy Lopez: 9...Be6, Karpov and Flohr-Zaitsev Variations} 11. Bc2 c5 12. d4 (12. Nbd2 Re8 13. Nf1 Qc7 14. Ne3 c4 15. d4 Nxe4 16. Nf5 Nf6 17. Bg5 Bd8 18. dxe5 dxe5 19. Nd6 Re6 20. Nxb7 Nxb7 21. a4 Rb8 22. axb5 axb5 {½-½ (63) Firouzja,A (2549)-Inarkiev,E (2684) Moscow 2018}) 12... cxd4 13. cxd4 exd4 14. Nxd4 Re8 15. Nd2 Bf8 16. b3 g6 17. Bb2 Bg7 18. Rc1 Qb6 19. Bb1 {[%emt 0:06:54] [#]} d5 $146 ({Predecessor:} 19... Nd7 20. N2f3 {0-1 (50) Peng,D (2254)-Friedel,J (2528) Madison 2017}) 20. e5 Ne4 21. Nxe4 dxe4 22. Bxe4 Bxe4 23. Rxe4 Rxe5 24. Rxe5 Bxe5 25. Qe1 Bf6 $11 26. Bc3 Bxd4 27. Bxd4 Qxd4 28. Qxa5 Qd6 1/2-1/2

[Event "WYCC 2018 O14"]
[Site "Halkidiki"]
[Date "2018.10.24"]
[Round "6"]
[White "Cardoso Cardoso, Jose Gabriel"]
[Black "Kacharava, Nikolozi"]
[Result "1-0"]
[ECO "A25"]
[WhiteElo "2313"]
[BlackElo "2373"]
[Annotator "NA"]
[PlyCount "53"]
[EventDate "2018.10.20"]
[EventType "swiss"]
[EventCountry "GRE"]
[SourceTitle "playchess.com"]
[Source "ChessBase"]
[SourceQuality "1"]
[TimeControl "40/5400+30:1800+30"]

1. c4 e5 2. Nc3 Nc6 3. e3 Nge7 4. Nf3 d5 5. d4 exd4 6. exd4 Be6 7. Ng5 Bf5 8. cxd5 Nb4 9. Qa4+ Nec6 10. dxc6 b5 $18 11. Qb3 Nc2+ 12. Kd1 Qxd4+ 13. Bd2 O-O-O 14. Nf3 Qxf2 15. Bxb5 Bb4 16. Rf1 Qb6 17. Kc1 a5 18. Rb1 Ne3 19. Re1 Nxg2 20. Re5 Bxb1 21. Kxb1 f6 22. Re2 Bxc3 23. bxc3 a4 24. Bxa4 Qxb3+ 25. Bxb3 Rd3 26. Nd4 Nh4 27. Bc4 1-0

[Event "WYCC 2018 O14"]
[Site "Halkidiki"]
[Date "2018.10.24"]
[Round "6"]
[White "Tsay, Vincent"]
[Black "Stremavicius, Pijus"]
[Result "1-0"]
[ECO "A40"]
[WhiteElo "2310"]
[BlackElo "2024"]
[Annotator "NA"]
[PlyCount "45"]
[EventDate "2018.10.20"]
[EventType "swiss"]
[EventCountry "GRE"]
[SourceTitle "playchess.com"]
[Source "ChessBase"]
[SourceQuality "1"]
[TimeControl "40/5400+30:1800+30"]

1. d4 Nf6 2. c4 e6 3. g3 d5 4. Nf3 dxc4 5. Qa4+ Nbd7 6. Qxc4 a6 7. Bg2 b5 8. Qc6 Rb8 9. Bf4 Nd5 10. Bg5 Be7 11. Bxe7 Qxe7 12. Nc3 Nb4 13. Qxc7 Nc2+ 14. Kd1 Nxa1 15. Ne5 O-O 16. Nc6 {[%emt 0:01:09] LiveBook: 5 Games} Qf6 17. Ne4 Qh6 $18 18. Nxb8 Nxb8 19. Qxb8 e5 20. Qxe5 Bh3 21. Bxh3 Qc6 22. Kd2 Re8 23. Rc1 1-0

[Event "WYCC 2018 O14"]
[Site "Halkidiki"]
[Date "2018.10.24"]
[Round "6"]
[White "Krastev, Alexander"]
[Black "Tsoi, Dmitry"]
[Result "0-1"]
[ECO "C41"]
[WhiteElo "2298"]
[BlackElo "2429"]
[Annotator "RC"]
[PlyCount "102"]
[EventDate "2018.10.20"]
[EventType "swiss"]
[EventCountry "GRE"]
[SourceTitle "playchess.com"]
[Source "ChessBase"]
[SourceQuality "1"]
[TimeControl "40/5400+30:1800+30"]

1. e4 e5 2. Nf3 d6 3. d4 exd4 4. Nxd4 Nf6 5. Nc3 Be7 6. Nde2 c6 7. g3 b5 8. Bg2 Bb7 9. O-O Nbd7 10. Nd4 O-O 11. Nf5 Ne5 12. f4 Ng6 13. a3 Re8 14. Be3 Bf8 15. Kh1 a5 16. b4 Qd7 17. Qd3 axb4 18. axb4 Rxa1 19. Rxa1 c5 20. bxc5 Nxe4 21. Nxd6 Nxd6 22. cxd6 Bxg2+ 23. Kxg2 Bxd6 24. Qxb5 Qc8 25. Qd3 Qc6+ 26. Kf2 Bc5 27. Re1 Bb4 28. Bd2 Rc8 29. Ne4 Be7 30. c3 Rd8 31. Qc2 h5 32. Be3 h4 33. Re2 Qc8 34. Rd2 Re8 35. Qd1 Qh3 36. Qg1 Qf5 37. Qg2 Ne5 38. Bd4 h3 39. Qh1 Ng4+ 40. Kf1 Qb5+ 41. Re2 Qb1+ 42. Re1 Qd3+ 43. Kg1 Bf8 44. f5 Kh8 45. Ba7 Bd6 46. Bd4 Bb4 47. f6 g6 48. Bf2 Nxf2 49. Kxf2 Bc5+ 50. Nxc5 Qd2+ 51. Kf3 Rxe1 0-1

[Event "WYCC 2018 O14"]
[Site "Halkidiki"]
[Date "2018.10.24"]
[Round "6"]
[White "Ozenir, Ekin Baris"]
[Black "Chatzieleftheriou, Andreas"]
[Result "1-0"]
[ECO "E44"]
[WhiteElo "2293"]
[BlackElo "1984"]
[Annotator "NA"]
[PlyCount "99"]
[EventDate "2018.10.20"]
[EventType "swiss"]
[EventCountry "GRE"]
[SourceTitle "playchess.com"]
[Source "ChessBase"]
[SourceQuality "1"]
[TimeControl "40/5400+30:1800+30"]

1. d4 Nf6 2. c4 e6 3. Nc3 Bb4 4. e3 b6 5. Nge2 Bb7 6. a3 Bd6 7. Ng3 {[%emt 0:16:14] E44: Nimzoindisch (Rubinstein-System)} h5 {[%emt 0:00:12] LiveBook: 18 Games} 8. d5 Be5 9. Nge2 h4 $146 ({Vorgänger:} 9... exd5 10. cxd5 c6 11. e4 cxd5 12. exd5 O-O 13. Bg5 Re8 14. Rc1 Na6 {0-1 (23) Rodriguez Alvarez,V (2140)-Cordova,E (2574) Bogota 2012}) 10. e4 exd5 11. cxd5 d6 12. Bg5 Bxc3+ 13. Nxc3 Nbd7 14. Bb5 a6 15. Bc6 Bxc6 16. dxc6 Nc5 17. O-O Ne6 18. Be3 O-O 19. Qf3 Re8 20. b4 Nh7 21. Qg4 Neg5 22. f3 Rc8 23. Rae1 h3 24. g3 Qf6 25. Nd5 Qe6 26. Qh4 f6 27. Bd4 Qxd5 28. exd5 Rxe1 29. Qg4 Rce8 30. Rxe1 Rxe1+ 31. Kf2 Rh1 32. f4 Rxh2+ 33. Kg1 f5 34. Qh5 Rg2+ 35. Kh1 Ne4 36. Qxh3 Rd2 37. Kg1 Rxd4 38. Qxf5 Nhf6 39. Qc8+ Kh7 40. Qxc7 Nxd5 41. Qc8 Ne3 42. Qh3+ Kg8 43. Qe6+ Kh7 44. c7 Rd1+ 45. Kh2 Nf2 46. g4 Nexg4+ 47. Kg2 $18 Rd2 48. c8=Q Nh6 49. Qe3 Ne4+ 50. Qxd2 1-0

[Event "WYCC 2018 O14"]
[Site "Halkidiki"]
[Date "2018.10.24"]
[Round "6"]
[White "Trifan, Andrei Ioan"]
[Black "Gavriil, Odysseas-Panagiotis"]
[Result "1/2-1/2"]
[ECO "B03"]
[WhiteElo "2290"]
[BlackElo "2009"]
[Annotator "NA"]
[PlyCount "96"]
[EventDate "2018.10.20"]
[EventType "swiss"]
[EventCountry "GRE"]
[SourceTitle "playchess.com"]
[Source "ChessBase"]
[SourceQuality "1"]
[TimeControl "40/5400+30:1800+30"]

1. e4 Nf6 2. e5 Nd5 3. c4 Nb6 4. d4 d6 5. exd6 exd6 6. Nc3 Be7 7. Bd3 O-O {[%emt 0:00:47] B03: Aljechin-Verteidigung (Vierbauernvariante)} 8. Nge2 Bf6 (8... c6 9. O-O Na6 10. a3 Nc7 11. h3 Re8 12. b3 d5 13. c5 Nd7 14. Bf4 Nf8 15. b4 {0-1 (45) Volokitin,A (2628)-Kasimdzhanov,R (2683) Riadh 2017}) 9. O-O Nc6 10. b3 Re8 {[%emt 0:03:11] LiveBook: 16 Games} 11. Be3 Nb4 12. Bb1 c6 13. Qd2 d5 14. c5 Nd7 15. a3 Na6 $146 16. b4 Nc7 17. Ng3 g6 18. Bc2 Nf8 19. f4 h5 20. f5 h4 21. Nh1 a5 22. Rae1 axb4 23. axb4 Ra3 24. fxg6 fxg6 25. Nf2 Na6 26. Nb1 Raxe3 27. Rxe3 Rxe3 28. Qxe3 Nxb4 29. Bd3 Nxd3 30. Nxd3 Bf5 31. Ne5 Qe7 32. Nd2 h3 33. gxh3 Bg5 $14 34. Qc3 Qh7 35. Rf3 Ne6 36. Nf1 Qh4 37. Ng3 Nxd4 38. Nxf5 gxf5 39. Rf2 Bf6 40. Qe3 Qe4 41. Rg2+ Kh7 42. Qg3 Qb1+ 43. Kf2 Qc2+ 44. Kf1 Qd1+ 45. Kf2 Qe2+ 46. Kg1 Qd1+ 47. Kf2 Qe2+ 48. Kg1 Qd1+ 1/2-1/2

[Event "WYCC 2018 O14"]
[Site "Halkidiki"]
[Date "2018.10.24"]
[Round "6"]
[White "Avila Pavas, Santiago"]
[Black "Spyropoulos, Nikolaos"]
[Result "1-0"]
[ECO "D03"]
[WhiteElo "2277"]
[BlackElo "2378"]
[Annotator "NA"]
[PlyCount "79"]
[EventDate "2018.10.20"]
[EventType "swiss"]
[EventCountry "GRE"]
[SourceTitle "playchess.com"]
[Source "ChessBase"]
[SourceQuality "1"]
[TimeControl "40/5400+30:1800+30"]

1. d4 Nf6 2. Nf3 d5 3. Bg5 Ne4 4. Bh4 c5 5. e3 Nc6 {[%emt 0:00:57] D03: 1 d4 d5 2 Nf3 Nf6 3 Bg5, including Torre Attack with early ...d5} 6. Nbd2 Qb6 (6... Bf5 7. dxc5 Nxc5 8. Be2 g6 9. Nd4 Bg7 10. Nxf5 gxf5 11. c3 O-O 12. O-O Qd6 13. Bg3 {½-½ (23) Sjugirov,S (2650)-Bacrot,E (2725) Riadh 2017}) 7. Rb1 Bf5 8. Nxe4 Bxe4 9. Bd3 $146 ({Predecessor:} 9. dxc5 Qxc5 10. Nd2 Qxc2 11. Qxc2 Bxc2 12. Rc1 Bf5 {0-1 (25) Rasmussen,M (1920)-Svane,R (2427) Helsingor 2013}) 9... Bxf3 10. Qxf3 cxd4 11. Qxd5 dxe3 12. O-O Rd8 13. Qg5 h6 14. Qg4 Qd4 15. Qh3 g5 16. Bg3 h5 17. fxe3 Qxe3+ 18. Kh1 h4 {[%emt 0:01:17] [#]} 19. Rbe1 $14 (19. Bc4 $1 $16 f6 20. Rbd1) 19... Qd4 20. Bf2 Qd6 21. Bc4 Qg6 22. Bc5 Rh7 23. Bd3 Rxd3 24. cxd3 g4 25. Qe3 h3 26. Qg3 hxg2+ 27. Kxg2 Nd8 28. Qc7 f6 29. Qg3 Qh5 30. d4 Qd5+ 31. Kg1 b6 32. Ba3 Rh3 33. Qxg4 Rh5 34. Rxf6 Rh7 35. Qg6+ Rf7 36. Rxf7 Nxf7 37. Qg4 Nd6 38. Bxd6 Qxd6 39. Qc8+ Kf7 40. Rf1+ 1-0

[Event "WYCC 2018 O14"]
[Site "Halkidiki"]
[Date "2018.10.24"]
[Round "6"]
[White "Gombocz, Ferenc Jr."]
[Black "Nguyen, Huynh Minh Thien"]
[Result "1-0"]
[ECO "A16"]
[WhiteElo "2271"]
[BlackElo "1996"]
[Annotator "NA"]
[PlyCount "145"]
[EventDate "2018.10.20"]
[EventType "swiss"]
[EventCountry "GRE"]
[SourceTitle "playchess.com"]
[Source "ChessBase"]
[SourceQuality "1"]
[TimeControl "40/5400+30:1800+30"]

1. c4 Nf6 2. g3 g6 3. Bg2 d5 4. cxd5 Nxd5 5. Nc3 Nxc3 6. bxc3 Bg7 7. Nf3 {[%emt 0:03:15] LiveBook: 170 Games} O-O 8. O-O e5 9. Rb1 c6 10. Qb3 {[%emt 0:10:07] A16: English Opening: 1...Nf6 with ...d5} (10. d3 Nd7 11. Ba3 Re8 12. Qb3 Bf8 13. Bxf8 Nxf8 14. h4 Qc7 15. Ng5 Kg7 16. a4 h6 17. Nf3 b6 {½-½ (49) Demianjuk,A (2333)-Makoveev,I (2196) Moscow 2018}) 10... Na6 $146 ({Predecessor:} 10... b6 11. d4 Be6 12. Qc2 Nd7 13. Ng5 Bd5 14. e4 Bc4 15. Rd1 f6 16. Rb4 fxg5 17. Rxc4 Qf6 {½-½ (86) Cip,D (2166)-Knotek,J (2015) Stare Mesto 2010}) 11. d3 h6 12. Qa3 Nc7 13. Nd2 Re8 14. Nc4 Nb5 15. Qb2 Nd6 16. Nxd6 Qxd6 17. Qb4 Qc7 18. a4 Rb8 19. Be3 Ra8 20. a5 Kh7 21. Bc5 Rd8 22. f4 exf4 23. Rxf4 Be6 24. Rff1 Rd7 25. d4 Qd8 26. Qa3 Bc4 27. Rf2 h5 28. a6 b6 29. Bxc6 bxc5 30. Qa4 Be6 31. Bxd7 Bxd7 32. Qc4 Be6 33. Qxc5 Rc8 34. Qa3 Bh6 35. Rf3 Bd5 $19 36. e4 Bxe4 37. Rxf7+ Kg8 38. Re1 Kxf7 39. Rxe4 Rc7 40. Qb3+ Kg7 41. c4 Qf6 42. Qb5 Kh7 43. c5 Qf3 44. Qe2 Qxe2 45. Rxe2 Bg7 46. Rd2 Kg8 47. Kg2 Kf7 48. Kf3 Rc6 49. Ke4 Rxa6 50. Rb2 Bf6 51. Rb7+ Kf8 52. d5 Ra4+ 53. Kf3 Ke8 54. c6 Rd4 55. Rb8+ Ke7 56. c7 Rd3+ 57. Ke4 Rd4+ 58. Ke3 Rc4 59. c8=Q Bd4+ 60. Ke4 Rxc8 61. Rxc8 Bg1 62. h3 Bf2 63. Rc7+ Kd8 64. d6 Bxg3 65. Kd5 a5 66. Ra7 Bf2 67. Rxa5 Kd7 68. Rb5 g5 69. Rb7+ Kc8 70. Kc6 g4 71. d7+ Kd8 72. Rb8+ Ke7 73. d8=Q+ 1-0

[Event "WYCC 2018 O14"]
[Site "Halkidiki"]
[Date "2018.10.24"]
[Round "6"]
[White "Boyer, Mahel"]
[Black "Manucharyan, Gagik"]
[Result "1-0"]
[ECO "B20"]
[WhiteElo "2227"]
[BlackElo "1827"]
[Annotator "NA"]
[PlyCount "71"]
[EventDate "2018.10.20"]
[EventType "swiss"]
[EventCountry "GRE"]
[SourceTitle "playchess.com"]
[Source "ChessBase"]
[SourceQuality "1"]
[TimeControl "40/5400+30:1800+30"]

1. e4 c5 2. d3 Nc6 3. g3 g6 4. Bg2 Bg7 5. f4 e6 6. Nf3 Nge7 7. O-O O-O 8. c3 d6 9. Be3 Rb8 10. d4 cxd4 11. cxd4 d5 {[%emt 0:00:59] B20: Sicilian: Unusual White 2nd moves} 12. e5 b6 (12... Qb6 13. Qd2 Qb4 14. Nc3 Na5 15. b3 Bd7 16. Rac1 Rfc8 17. g4 Rc6 18. Qe1 Rbc8 19. Bd2 {1-0 (42) Movsziszian,K (2556)-Larino Nieto,D (2464) La Roda 2009}) 13. Nc3 Ba6 14. Re1 Qd7 15. Qd2 Rfc8 16. g4 Na5 17. b3 Rc7 $146 ({Predecessor:} 17... Rc6 18. Rec1 Rbc8 19. Bf1 Bxf1 20. Kxf1 {½-½ (74) Biti,O (2295)-Filipovic,B (2446) Zagreb 2002}) 18. Rac1 Rbc8 19. Bf2 Rc6 20. Bf1 Bxf1 21. Rxf1 R8c7 22. Bh4 Qc8 23. Bxe7 Rxc3 24. Rxc3 Rxc3 25. f5 (25. Bc5 $14 Rc4 26. bxc4 Nxc4 27. Qd3 bxc5 28. Nd2) 25... Rc2 26. Qf4 exf5 27. Nh4 Qe6 28. gxf5 $19 Qxe7 29. f6 Qe6 30. fxg7 Kxg7 31. Qg5 Kf8 32. Rf6 Qh3 33. Qf4 Kg8 34. e6 Rc1+ 35. Qxc1 Qg4+ 36. Kh1 1-0

[Event "WYCC 2018 O14"]
[Site "Halkidiki"]
[Date "2018.10.24"]
[Round "6"]
[White "Czopor, Maciej"]
[Black "Huang, Renjie"]
[Result "0-1"]
[ECO "B35"]
[WhiteElo "2219"]
[BlackElo "2322"]
[Annotator "NA"]
[PlyCount "82"]
[EventDate "2018.10.20"]
[EventType "swiss"]
[EventCountry "GRE"]
[SourceTitle "playchess.com"]
[Source "ChessBase"]
[SourceQuality "1"]
[TimeControl "40/5400+30:1800+30"]

1. e4 c5 2. Nf3 g6 3. d4 cxd4 4. Nxd4 Bg7 5. Nc3 Nc6 6. Be3 Nf6 7. Bc4 O-O 8. Bb3 a5 9. O-O a4 10. Nxa4 Nxe4 11. Nb5 Ra6 {[%emt 0:00:29] B35: Sicilian: Accelerated Dragon with 5 Nc3: main line} 12. c4 (12. f3 Nf6 13. c4 d6 14. Nac3 Na5 15. Rc1 Be6 16. Ne2 d5 17. c5 Nxb3 18. axb3 Bd7 19. Nbc3 {1-0 (36) Almasi,Z (2689)-Istratescu,A (2602) Bastia 2015}) 12... d6 13. Qe2 Nf6 14. Rfd1 Bg4 15. f3 Bd7 16. Qf2 $146 (16. a3 $16) ({Predecessor:} 16. Nac3 Re8 17. a3 Qb8 18. Rac1 Ne5 19. Nd5 {0-1 (53) Balogh,C (2471)-Wirig,A (2347) Pula 2003}) 16... Na5 17. Bb6 Qc8 18. Rac1 Nxb3 19. axb3 Bc6 20. Re1 Nd7 21. Bd4 Ne5 $11 22. Rc3 Qd7 23. Nb6 Qf5 24. Nc7 Rxb6 25. Bxb6 Nd3 26. Rxd3 Qxd3 27. Qe3 Qc2 28. Re2 Qb1+ 29. Kf2 Bxb2 30. Qxe7 Be5 31. Rxe5 dxe5 32. Qxe5 Qf5 33. Qxf5 gxf5 34. b4 f6 35. b5 Bd7 36. Bc5 Rc8 37. b6 Be6 38. Be7 Kf7 39. c5 Kxe7 40. c6 Rxc7 41. bxc7 bxc6 0-1

[Event "WYCC 2018 O14"]
[Site "Halkidiki"]
[Date "2018.10.24"]
[Round "6"]
[White "Turcan, Richard"]
[Black "Dabarera, G W D M"]
[Result "1/2-1/2"]
[ECO "B60"]
[WhiteElo "2218"]
[BlackElo "1768"]
[Annotator "NA"]
[PlyCount "52"]
[EventDate "2018.10.20"]
[EventType "swiss"]
[EventCountry "GRE"]
[SourceTitle "playchess.com"]
[Source "ChessBase"]
[SourceQuality "1"]
[TimeControl "40/5400+30:1800+30"]

1. e4 c5 2. Nf3 d6 3. d4 cxd4 4. Nxd4 Nf6 5. Nc3 Nc6 6. Bg5 g6 7. Bxf6 {[%emt 0:09:39] LiveBook: 109 Games} exf6 8. Be2 {[%emt 0:01:07] B60: Sicilian: Richter-Rauzer: Unusual Black 6th moves and 6...Bd7 without 7 Qd2} (8. Bb5 Bd7 9. Bc4 Bg7 10. Nxc6 Bxc6 11. O-O O-O 12. Qd3 Rc8 13. Bb3 f5 14. exf5 Bxc3 15. bxc3 Qg5 {½-½ (61) Motylev,A (2677)-Potkin,V (2684) Wijk aan Zee 2012}) 8... Bg7 9. O-O O-O 10. Nb3 $146 ({Predecessor:} 10. Ndb5 f5 11. Nxd6 Bxc3 12. bxc3 fxe4 13. Nxe4 Qe7 14. Bd3 b6 15. Qf3 Bb7 {1-0 (30) Pogonina,N (2501)-Romanko,M (2226) Moscow 2009}) 10... f5 11. exf5 Bxf5 12. Bf3 Rb8 13. Re1 Ne5 14. Nd4 Bd7 15. h3 Qb6 16. Nb3 Nxf3+ 17. Qxf3 Bc6 18. Qd3 Rbd8 19. a4 d5 20. a5 Qb4 21. a6 $17 b6 22. Qg3 d4 23. Na2 Qc4 24. Qd3 Qd5 25. Qg3 Qc4 26. Qd3 Qd5 1/2-1/2

[Event "WYCC 2018 O14"]
[Site "Halkidiki"]
[Date "2018.10.24"]
[Round "6"]
[White "Tengis, Tsog-Ochir"]
[Black "Stoyanov, Tsvetan"]
[Result "1-0"]
[ECO "A45"]
[WhiteElo "2205"]
[BlackElo "2340"]
[Annotator "NA"]
[PlyCount "51"]
[EventDate "2018.10.20"]
[EventType "swiss"]
[EventCountry "GRE"]
[SourceTitle "playchess.com"]
[Source "ChessBase"]
[SourceQuality "1"]
[TimeControl "40/5400+30:1800+30"]

1. d4 Nf6 2. g3 e6 3. Bg2 d5 4. Nf3 b5 5. O-O Nbd7 {[%emt 0:00:27] A46: 1 d4 Nf6 2 Nf3 e6: Torre, London and Colle Systems} (5... Be7 6. Nbd2 O-O 7. Ne5 Bb7 8. Nb3 a5 9. a4 b4 10. c4 bxc3 {½-½ (10) Hera,I (2620)-Piorun,K (2633) Brest 2018}) 6. Ne5 Bb7 7. a4 b4 8. a5 {[%emt 0:00:02] LiveBook: 4 Games} Rb8 9. c4 $146 ({Predecessor:} 9. f4 c5 10. f5 cxd4 11. Bf4 Rc8 12. Bh3 Nc5 13. Qxd4 {0-1 (30) Gaya Llodra,J (2257)-Libiszewski,F (2487) Palma de Mallorca 2008}) 9... bxc3 10. Nxc3 Nxe5 11. dxe5 Nd7 12. e4 c6 13. Be3 Ba6 14. Re1 Bc5 15. exd5 cxd5 16. Nxd5 exd5 17. e6 fxe6 18. Bxd5 Bb4 19. Bd2 Nc5 20. Qh5+ Kd7 {[%emt 0:04:31] [#]} 21. Bxe6+ $18 Kc6 22. Qf3+ Kb5 23. Bxb4 Nd3 24. Qf5+ Kxb4 25. Re4+ Bc4 26. Rxc4+ 1-0